| TOP OF THE 1ST |
|
London Majors batting - Pitching for New Jersey Devils : LHP Larry Shoop
|
|
Pitching: LHP Larry Shoop
|
|
|
Batting: RHB Braydon Pinsent
|
0-0: Ball 1-0: Foul Ball, location: 2F 1-1: Fly out, F6 (Line Drive, 6, EV 75.0 MPH)
|
|
Batting: RHB Brock Van Gilder
|
0-0: Called Strike 0-1: Called Strike 0-2: Foul Ball, location: 2F 0-2: DOUBLE (Line Drive, 8LXD, EV 111.9 MPH)
|
|
Batting: RHB Frank Caulfield
|
0-0: Ball 1-0: Swinging Strike 1-1: Foul Ball, location: 2F 1-2: Ball 2-2: Foul Ball, location: 2F 2-2: Strikes out swinging
|
|
Batting: RHB Chris Martin
|
0-0: Ground out 4-3 (Groundball, 34, EV 107.5 MPH)
|
| Top of the 1st over - 0 runs, 1 hit, 0 errors, 1 left on base; London 0 - New Jersey 0 |
| BOTTOM OF THE 1ST |
|
New Jersey Devils batting - Pitching for London Majors : LHP Eddie Muniz
|
|
Pitching: LHP Eddie Muniz
|
|
|
Batting: LHB Matt Baker
|
0-0: SINGLE (Groundball, 6M, EV 83.1 MPH) (infield hit)
|
|
Batting: LHB Dan Bremseth
|
0-0: Ball 1-0: Fly out, F9 (Flyball, 89S, EV 87.5 MPH)
|
|
Batting: RHB Bobby Coulombe
|
0-0: Ball 1-0: Called Strike 1-1: Ball 2-1: Foul Ball, location: 2F 2-2: Grounds into double play, 5-4-3 (Groundball, 5S, EV 89.4 MPH)
|
| Bottom of the 1st over - 0 runs, 1 hit, 0 errors, 0 left on base; London 0 - New Jersey 0 |
| TOP OF THE 2ND |
|
London Majors batting - Pitching for New Jersey Devils : LHP Larry Shoop
|
|
Batting: RHB Erik Coleman
|
0-0: Called Strike 0-1: SINGLE (Groundball, 5S, EV 68.1 MPH) (infield hit)
|
|
Batting: LHB Frank Nelson
|
0-0: Ball 1-0: Called Strike 1-1: Ball 2-1: Foul Ball, location: 2F 2-2: Foul Ball, location: 2F 2-2: Foul Ball, location: 2F 2-2: Ball 3-2: Base on Balls Erik Coleman to second
|
|
Batting: RHB Dan Muns
|
0-0: Fly out, F8 (Flyball, 8RM, EV 93.8 MPH)
|
|
Batting: RHB Jake Bronner
|
0-0: Ball 1-0: Foul Ball, location: 2F 1-1: Called Strike 1-2: Ball 2-2: Ball 3-2: Foul Ball, location: 2F 3-2: Foul Ball, location: 2F 3-2: Foul Ball, location: 2F 3-2: Base on Balls Erik Coleman to third Frank Nelson to second
|
|
Batting: RHB Terry Plumley
|
0-0: Fielders Choice at 2nd, 5-4 (Groundball, 56, EV 88.1 MPH) Erik Coleman scores Frank Nelson to third
|
|
Batting: RHB Braydon Pinsent
|
0-0: Called Strike 0-1: Ball 1-1: Called Strike 1-2: Strikes out swinging
|
| Top of the 2nd over - 1 run, 1 hit, 0 errors, 2 left on base; London 1 - New Jersey 0 |
| BOTTOM OF THE 2ND |
|
New Jersey Devils batting - Pitching for London Majors : LHP Eddie Muniz
|
|
Batting: RHB Gang-sheng Chew
|
0-0: Called Strike 0-1: Called Strike 0-2: Ball 1-2: Strikes out swinging, 2-3 out at first.
|
|
Batting: LHB Bayesa Mundhir
|
0-0: Ground out 6-3 (Groundball, 6, EV 111.9 MPH)
|
|
Batting: RHB Brian Bonin
|
0-0: Foul Ball, location: 2F 0-1: Called Strike 0-2: Foul Ball, location: 2F 0-2: Ball 1-2: Ground out 5-3 (Groundball, 56S, EV 83.1 MPH)
|
| Bottom of the 2nd over - 0 runs, 0 hits, 0 errors, 0 left on base; London 1 - New Jersey 0 |
| TOP OF THE 3RD |
|
London Majors batting - Pitching for New Jersey Devils : LHP Larry Shoop
|
|
Batting: RHB Brock Van Gilder
|
0-0: Called Strike 0-1: DOUBLE (Line Drive, 89D, EV 114.4 MPH)
|
|
Batting: RHB Frank Caulfield
|
0-0: Foul Ball, location: 2F 0-1: Swinging Strike 0-2: Ball 1-2: Ball 2-2: Ball 3-2: Foul Ball, location: 2F 3-2: Base on Balls
|
|
Batting: RHB Chris Martin
|
0-0: Called Strike 0-1: Ball 1-1: Foul Ball, location: 2F 1-2: Ball 2-2: Fly out, F7 (Flyball, 7, EV 75.0 MPH)
|
|
Batting: RHB Erik Coleman
|
0-0: Fly out, F4 (Popup, 4D, EV 41.9 MPH)
|
|
Batting: LHB Frank Nelson
|
0-0: Ball 1-0: Foul Ball, location: 2F 1-1: Foul Ball, location: 2F 1-2: Ball 2-2: Fly out, F8 (Flyball, 8LD, EV 83.1 MPH)
|
| Top of the 3rd over - 0 runs, 1 hit, 0 errors, 2 left on base; London 1 - New Jersey 0 |
| BOTTOM OF THE 3RD |
|
New Jersey Devils batting - Pitching for London Majors : LHP Eddie Muniz
|
|
Batting: RHB Chris Artz
|
0-0: Ball 1-0: Ball 2-0: Called Strike 2-1: Ball 3-1: Called Strike 3-2: SINGLE (Flyball, 9LS, EV 91.2 MPH)
|
|
Batting: RHB Mike Hanks
|
0-0: Called Strike 0-1: Swinging Strike 0-2: Ball 1-2: Foul Ball, location: 2F 1-2: Strikes out swinging
|
|
Batting: SHB Jerry Burrows
|
0-0: Called Strike 0-1: Fly out, F8 (Flyball, 8RD, EV 106.2 MPH)
|
|
Batting: LHB Matt Baker
|
0-0: Ground out 4-3 (Groundball, 34, EV 102.5 MPH)
|
| Bottom of the 3rd over - 0 runs, 1 hit, 0 errors, 1 left on base; London 1 - New Jersey 0 |
| TOP OF THE 4TH |
|
London Majors batting - Pitching for New Jersey Devils : LHP Larry Shoop
|
|
Batting: RHB Dan Muns
|
0-0: Called Strike 0-1: Ball 1-1: Ball 2-1: SINGLE (Groundball, 4D, EV 103.8 MPH)
|
|
Batting: RHB Jake Bronner
|
0-0: Foul Ball, location: 2F 0-1: Ball 1-1: Ball 2-1: Ball 3-1: Base on Balls Dan Muns to second
|
|
Batting: RHB Terry Plumley
|
0-0: Ball 1-0: Foul Ball, location: 2F 1-1: DOUBLE (Flyball, 78D, EV 103.1 MPH) Dan Muns scores Jake Bronner to third
|
|
Batting: RHB Braydon Pinsent
|
0-0: Called Strike 0-1: Ball 1-1: Called Strike 1-2: Ball 2-2: Ball 3-2: Base on Balls
|
|
Batting: RHB Brock Van Gilder
|
0-0: Called Strike 0-1: Hit by Pitch Jake Bronner scores Terry Plumley to third Braydon Pinsent to second
|
|
Batting: RHB Frank Caulfield
|
0-0: SINGLE (Line Drive, 7S, EV 101.9 MPH) Terry Plumley scores Braydon Pinsent to third Brock Van Gilder to second
|
|
Batting: RHB Chris Martin
|
0-0: Foul Ball, location: 2F 0-1: Swinging Strike 0-2: Foul Ball, location: 2F 0-2: Ball 1-2: Grounds into fielders choice 1-2 (Groundball, 15, EV 69.4 MPH) Brock Van Gilder to third Frank Caulfield to second
|
|
Batting: RHB Erik Coleman
|
0-0: Ball 1-0: Ball 2-0: Ball 3-0: Called Strike 3-1: Base on Balls Brock Van Gilder scores Frank Caulfield to third Chris Martin to second
|
|
Batting: LHB Frank Nelson
|
0-0: Called Strike 0-1: Called Strike 0-2: Ball 1-2: Ball 2-2: Ball 3-2: Fielders Choice at 2nd, 6-4 (Groundball, 6, EV 95.6 MPH) Frank Caulfield scores Chris Martin to third
|
|
Batting: RHB Dan Muns
|
0-0: Swinging Strike 0-1: Ball 1-1: Foul Ball, location: 2F 1-2: Ball 2-2: SINGLE (Flyball, 89S, EV 81.9 MPH) Chris Martin scores Frank Nelson to second
|
|
Pitching: RHP Jason Jones
|
|
|
Batting: RHB Jake Bronner
|
0-0: Called Strike 0-1: Fielders Choice at 2nd, 6-4 (Groundball, 56, EV 88.8 MPH)
|
| Top of the 4th over - 6 runs, 4 hits, 0 errors, 2 left on base; London 7 - New Jersey 0 |
| BOTTOM OF THE 4TH |
|
New Jersey Devils batting - Pitching for London Majors : LHP Eddie Muniz
|
|
Batting: LHB Dan Bremseth
|
0-0: Foul Ball, location: 2F 0-1: Ball 1-1: Fly out, F9 (Line Drive, 9D, EV 88.8 MPH)
|
|
Batting: RHB Bobby Coulombe
|
0-0: Called Strike 0-1: Called Strike 0-2: Ball 1-2: Hit by Pitch
|
|
Batting: RHB Gang-sheng Chew
|
0-0: Ball 1-0: Ball Bobby Coulombe steals 2nd base (no throw) 2-0: Swinging Strike 2-1: Ball 3-1: Base on Balls
|
|
Batting: LHB Bayesa Mundhir
|
0-0: Called Strike 0-1: Swinging Strike 0-2: SINGLE (Line Drive, 7LS, EV 93.8 MPH) Bobby Coulombe to third Gang-sheng Chew to second Runner from 3rd tries for Home, SAFE, throw by LF to home
|
|
Batting: RHB Brian Bonin
|
0-0: Ball 1-0: Ball 2-0: Ball 3-0: Base on Balls Gang-sheng Chew to third Bayesa Mundhir to second
|
|
Batting: RHB Chris Artz
|
0-0: Ball 1-0: Foul Ball, location: 2F 1-1: Ball 2-1: Ball 3-1: Foul Ball, location: 2F 3-2: Strikes out swinging
|
|
Batting: RHB Mike Hanks
|
0-0: Called Strike 0-1: Swinging Strike 0-2: Fly out, F9 (Flyball, 89D, EV 101.2 MPH)
|
| Bottom of the 4th over - 1 run, 1 hit, 0 errors, 3 left on base; London 7 - New Jersey 1 |
| TOP OF THE 5TH |
|
London Majors batting - Pitching for New Jersey Devils : RHP Jason Jones
|
|
Batting: RHB Terry Plumley
|
0-0: Called Strike 0-1: Foul Ball, location: 2F 0-2: Ball 1-2: Ball 2-2: Ball 3-2: Foul Ball, location: 2F 3-2: Foul Ball, location: 2F 3-2: Foul Ball, location: 2F 3-2: Fly out, F7 (Flyball, 7S, EV 95.0 MPH)
|
|
Batting: RHB Braydon Pinsent
|
0-0: Ball 1-0: Ball 2-0: Ball 3-0: Base on Balls
|
|
Batting: RHB Brock Van Gilder
|
0-0: Called Strike 0-1: Foul Ball, location: 2F 0-2: Strikes out swinging
|
|
Batting: RHB Frank Caulfield
|
0-0: Ball Braydon Pinsent is caught stealing 2nd base 2-4
|
| Top of the 5th over - 0 runs, 0 hits, 0 errors, 0 left on base; London 7 - New Jersey 1 |
| BOTTOM OF THE 5TH |
|
New Jersey Devils batting - Pitching for London Majors : LHP Eddie Muniz
|
|
Batting: SHB Jerry Burrows
|
0-0: Called Strike 0-1: Foul Ball, location: 2F 0-2: Strikes out looking
|
|
Batting: LHB Matt Baker
|
0-0: Foul Ball, location: 2F 0-1: Called Strike 0-2: Ball 1-2: Ball 2-2: Foul Ball, location: 2F 2-2: Strikes out swinging
|
|
Batting: LHB Dan Bremseth
|
0-0: Ball 1-0: Called Strike 1-1: Ground out 4-3 (Groundball, 13, EV 85.0 MPH)
|
| Bottom of the 5th over - 0 runs, 0 hits, 0 errors, 0 left on base; London 7 - New Jersey 1 |
| TOP OF THE 6TH |
|
London Majors batting - Pitching for New Jersey Devils : RHP Jason Jones
|
|
Batting: RHB Frank Caulfield
|
0-0: Ground out 4-3 (Groundball, 4, EV 95.6 MPH)
|
|
Batting: RHB Chris Martin
|
0-0: Ball 1-0: Swinging Strike 1-1: Foul Ball, location: 2F 1-2: Strikes out swinging
|
|
Batting: RHB Erik Coleman
|
0-0: Called Strike 0-1: Swinging Strike 0-2: Ball 1-2: Fly out, F3 (Popup, 3SF, EV 86.9 MPH)
|
| Top of the 6th over - 0 runs, 0 hits, 0 errors, 0 left on base; London 7 - New Jersey 1 |
| BOTTOM OF THE 6TH |
|
New Jersey Devils batting - Pitching for London Majors : LHP Eddie Muniz
|
|
Batting: RHB Bobby Coulombe
|
0-0: Foul Ball, location: 2F 0-1: Ball 1-1: DOUBLE (Flyball, 78XD, EV 110.0 MPH)
|
|
Batting: RHB Gang-sheng Chew
|
0-0: Ball 1-0: Swinging Strike 1-1: Called Strike 1-2: Ball 2-2: Ball 3-2: Foul Ball, location: 2F 3-2: Foul Ball, location: 2F 3-2: Foul Ball, location: 2F 3-2: 2-RUN HOME RUN (Line Drive, 78XD, EV 107.5 MPH), Distance : 409 ft
|
|
Pitching: RHP Pat Powell
|
|
|
Batting: LHB Bayesa Mundhir
|
0-0: Called Strike 0-1: Foul Ball, location: 2F 0-2: Ball 1-2: Strikes out swinging
|
|
Batting: RHB Brian Bonin
|
0-0: Ball 1-0: Foul Ball, location: 2F 1-1: Ball 2-1: Ball 3-1: Foul Ball, location: 2F 3-2: Strikes out swinging
|
|
Batting: RHB Chris Artz
|
0-0: Called Strike 0-1: Swinging Strike 0-2: Ball 1-2: Ball 2-2: Foul Ball, location: 2F 2-2: Foul Ball, location: 2F 2-2: Fly out, F7 (Flyball, 7D, EV 96.2 MPH)
|
| Bottom of the 6th over - 2 runs, 2 hits, 0 errors, 0 left on base; London 7 - New Jersey 3 |
| TOP OF THE 7TH |
|
London Majors batting - Pitching for New Jersey Devils : RHP Jason Jones
|
|
Pitching: LHP Keith Noftall
|
|
|
Batting: LHB Frank Nelson
|
0-0: Called Strike 0-1: Ball 1-1: Ball 2-1: Swinging Strike 2-2: Ball 3-2: Fly out, F7 (Flyball, 7D, EV 98.1 MPH)
|
|
Batting: RHB Dan Muns
|
0-0: Called Strike 0-1: Ball 1-1: Ball 2-1: Foul Ball, location: 2F 2-2: Ball 3-2: Foul Ball, location: 2F 3-2: Fly out, F7 (Flyball, 7S, EV 83.8 MPH)
|
|
Batting: RHB Jake Bronner
|
0-0: Ball 1-0: Swinging Strike 1-1: Ground out U3 (Groundball, 34S, EV 82.5 MPH)
|
| Top of the 7th over - 0 runs, 0 hits, 0 errors, 0 left on base; London 7 - New Jersey 3 |
| BOTTOM OF THE 7TH |
|
New Jersey Devils batting - Pitching for London Majors : RHP Pat Powell
|
|
Pitching: RHP Matt Still
|
|
|
Batting: RHB Mike Hanks
|
0-0: Ball 1-0: Swinging Strike 1-1: Called Strike 1-2: Strikes out swinging
|
|
Batting: SHB Jerry Burrows
|
0-0: Called Strike 0-1: SINGLE (Groundball, 6MD, EV 100.0 MPH)
|
|
Batting: LHB Matt Baker
|
0-0: Ball 1-0: Ball 2-0: Called Strike 2-1: Foul Ball, location: 2F 2-2: Strikes out swinging
|
|
Batting: LHB Dan Bremseth
|
0-0: Ball 1-0: Ball 2-0: Foul Ball, location: 2F 2-1: Foul Ball, location: 2F 2-2: Strikes out looking
|
| Bottom of the 7th over - 0 runs, 1 hit, 0 errors, 1 left on base; London 7 - New Jersey 3 |
| TOP OF THE 8TH |
|
London Majors batting - Pitching for New Jersey Devils : LHP Keith Noftall
|
|
Batting: RHB Terry Plumley
|
0-0: Called Strike 0-1: Swinging Strike 0-2: Ball 1-2: Foul Ball, location: 2F 1-2: Foul Ball, location: 2F 1-2: Foul Ball, location: 2F 1-2: Ball 2-2: Ball 3-2: Strikes out looking
|
|
Batting: RHB Braydon Pinsent
|
0-0: Ball 1-0: Ball 2-0: Ball 3-0: Called Strike 3-1: Base on Balls
|
|
Batting: RHB Brock Van Gilder
|
0-0: Called Strike Braydon Pinsent steals 2nd base (no throw) 0-1: Ball 1-1: Ball 2-1: Called Strike 2-2: Strikes out swinging
|
|
Batting: RHB Frank Caulfield
|
0-0: Foul Ball, location: 2F 0-1: Ball 1-1: Foul Ball, location: 2F 1-2: Ball 2-2: SINGLE (Flyball, 89S, EV 87.5 MPH) Braydon Pinsent to third Runner from 3rd tries for Home, SAFE, throw by RF to home Frank Caulfield to second
|
|
Batting: RHB Chris Martin
|
0-0: Called Strike 0-1: Ball 1-1: Ball 2-1: Fly out, F7 (Flyball, 7D, EV 95.6 MPH)
|
| Top of the 8th over - 1 run, 1 hit, 0 errors, 1 left on base; London 8 - New Jersey 3 |
| BOTTOM OF THE 8TH |
|
New Jersey Devils batting - Pitching for London Majors : RHP Matt Still
|
|
Batting: RHB Bobby Coulombe
|
0-0: Ball 1-0: Ball 2-0: Ball 3-0: Called Strike 3-1: Called Strike 3-2: Ground out 5-3 (Groundball, 5L, EV 99.4 MPH)
|
|
Batting: RHB Gang-sheng Chew
|
0-0: Called Strike 0-1: Foul Ball, location: 2F 0-2: Strikes out swinging
|
|
Batting: LHB Bayesa Mundhir
|
0-0: Foul Ball, location: 2F 0-1: Ball 1-1: Ball 2-1: Foul Ball, location: 2F 2-2: Ball 3-2: Strikes out swinging
|
| Bottom of the 8th over - 0 runs, 0 hits, 0 errors, 0 left on base; London 8 - New Jersey 3 |
| TOP OF THE 9TH |
|
London Majors batting - Pitching for New Jersey Devils : LHP Keith Noftall
|
|
Pitching: LHP Jared Deckard
|
|
|
Batting: RHB Erik Coleman
|
0-0: Called Strike 0-1: Ball 1-1: Called Strike 1-2: Foul Ball, location: 2F 1-2: Strikes out swinging
|
|
Batting: LHB Frank Nelson
|
0-0: Swinging Strike 0-1: Ball 1-1: Swinging Strike 1-2: Strikes out swinging
|
|
Batting: RHB Dan Muns
|
0-0: Called Strike 0-1: Called Strike 0-2: Foul Ball, location: 2F 0-2: Foul Ball, location: 2F 0-2: Ball 1-2: Ball 2-2: Ball 3-2: Foul Ball, location: 2F 3-2: SINGLE (Line Drive, 4MD, EV 99.4 MPH)
|
|
Batting: RHB Jake Bronner
|
0-0: Fielders Choice at 2nd, 6-4 (Groundball, 6, EV 85.0 MPH)
|
| Top of the 9th over - 0 runs, 1 hit, 0 errors, 1 left on base; London 8 - New Jersey 3 |
| BOTTOM OF THE 9TH |
|
New Jersey Devils batting - Pitching for London Majors : RHP Matt Still
|
|
Batting: RHB Brian Bonin
|
0-0: Swinging Strike 0-1: Foul Ball, location: 2F 0-2: Ball 1-2: Ball 2-2: SINGLE (Groundball, 6MD, EV 95.0 MPH)
|
|
Pitching: RHP Sergio Valdivia
|
|
|
Pinch Hitting: LHB Jeremy Moorehead
|
0-0: Ball 1-0: Called Strike 1-1: Foul Ball, location: 2F 1-2: Ball 2-2: Strikes out swinging
|
|
Pinch Hitting: SHB Justin Wallace
|
0-0: Ball 1-0: Ball 2-0: 2-RUN HOME RUN (Flyball, 9D, EV 96.9 MPH), Distance : 372 ft
|
|
Batting: SHB Jerry Burrows
|
0-0: Ball 1-0: Ball 2-0: Swinging Strike 2-1: Foul Ball, location: 2F 2-2: Foul Ball, location: 2F 2-2: Foul Ball, location: 2F 2-2: Foul Ball, location: 2F 2-2: Foul Ball, location: 2F 2-2: Foul Ball, location: 2F 2-2: Foul Ball, location: 2F 2-2: Strikes out swinging
|
|
Batting: LHB Matt Baker
|
0-0: Called Strike 0-1: Foul Ball, location: 2F 0-2: Ball 1-2: Foul Ball, location: 2F 1-2: Strikes out swinging
|
| Bottom of the 9th over - 2 runs, 2 hits, 0 errors, 0 left on base; London 8 - New Jersey 5 |
|